 Dungeon Crawl Stone Soup version 0.30-a0-1074-g5db6f66fbb (webtiles) character file.

Game seed: 3947615706740772890

75 Newt the Shooter (level 4, -4/28 (30) HPs)
             Began as a Kobold Hunter on Apr 13, 2023.
             Slain by Terence
             ... wielding the +7 Throatcutter {drain, coup de grace}
              (8 damage)
             ... on level 2 of the Dungeon.
             The game lasted 00:00:56 (918 turns).

Newt the Shooter (Kobold Hunter)                     Turns: 918, Time: 00:00:57

HP:   -4/28 (30)    AC:  3    Str:  8    XL:     4   Next: 55%
MP:   4/4           EV: 14    Int: 10    God:
Gold: 38            SH:  0    Dex: 20    Spells: 3/3 levels left

rFire   . . .      SeeInvis .    a - +2 shortbow
rCold   . . .      Faith    .    (shield currently unavailable)
rNeg    . . .      Spirit   .    c - +0 leather armour
rPois   .          Reflect  .    (no helmet)
rElec   .          Rampage  .    (no cloak)
rCorr   .                        (no gloves)
Will    .....                    (no boots)
Stlth   +++                      (no amulet)
HPRegen 0.24/turn                (no ring)
MPRegen 0.09/turn                (no ring)

@: drained
A: small, no large weapons, nightstalker 3
a: no special abilities


You were on level 2 of the Dungeon.
You visited 1 branch of the dungeon, and saw 2 of its levels.

You collected 38 gold pieces.

Inventory:

Hand Weapons
 a - a +2 shortbow (weapon)
Armour
 c - a +0 leather armour (worn)
Scrolls
 b - 2 scrolls of immolation
 f - a scroll of teleportation
Potions
 d - a potion of curing {unknown}
 g - a potion of lignification {unknown}
 h - a potion of attraction


   Skills:
 + Level 4.9 Fighting
 - Level 5.3 Ranged Weapons
 - Level 2.4 Dodging
 - Level 1.3 Stealth


You had 3 spell levels left.
You didn't know any spells.
Your spell library contained the following spells:

 Spells                   Type           Power      Damage    Failure   Level
 Freeze                   Ice            0%         1d3       50%         1
 Dazzling Flash           Conj/Hex       0%         N/A       86%         3
 Frozen Ramparts          Ice            0%         1d1       86%         3
 Hailstorm                Conj/Ice       0%         3d3       86%         3
 Agony                    Necr           0%         N/A       100%        5
 Silence                  Hex/Air        0%         N/A       100%        5


Dungeon Overview and Level Annotations

Branches:
Dungeon (2/15)

Altars:

Annotations:
D:2 Terence


Innate Abilities, Weirdness & Mutations

You are small and have problems with some larger weapons.
You are completely attuned to the shadows.


Message History

No target in view!
You now have 31 gold pieces (gained 5).
An endoplasm comes into view.
An endoplasm is nearby!
You shoot an arrow. The arrow hits the endoplasm!
You kill the endoplasm!
You now have 38 gold pieces (gained 7).
An adder comes into view.
An adder is nearby!
You shoot an arrow. The arrow hits the adder!
You kill the adder!
Okay, then.
You see here an adder corpse.
A rat comes into view.
A rat is nearby!
You shoot an arrow. The arrow hits the rat.
You kill the rat!
Found a stone staircase leading down.
Found a stone staircase leading up.
No target in view!
No target in view!
No target in view!
Terence the Incautious comes into view.
He is wielding the +7 Throatcutter {drain, coup de grace}.
Terence is nearby!
You shoot an arrow.
The arrow hits Terence but does no damage.
Terence bares his teeth.
You shoot an arrow.
The arrow hits Terence but does no damage.
You shoot an arrow. The arrow closely misses Terence.
Terence hits you with the +7 Throatcutter {drain, coup de grace}!!
Ouch! That really hurt!
You feel drained.
* * * LOW HITPOINT WARNING * * *
Okay, then.
The air fills with toxic fumes!
As you read the scroll labelled IJUCIH UKUNOIXT, it crumbles to dust.
It was a scroll of poison.
Terence hits you with the +7 Throatcutter {drain, coup de grace}!
You die...

#..# ##.####†.#
.........#
####.#####.#
#§##.#...####.#
#§#..§........#
####§##§#..†######
§§§§§§§§##.## ##
§§§@@§§§§..#
##.####§##§#######
...#...##§# #.#..#
#§# ##.<..###§#
........)..
######.#### #.#
#.$


You could see Terence.

Vanquished Creatures
  Jessica (D:2)
  2 adders (D:2)
  2 dart slugs
  4 bats
  4 endoplasms
  A giant cockroach (D:1)
  A goblin (D:2)
  3 hobgoblins
  2 kobolds
  3 frilled lizards
  5 rats
28 creatures vanquished.

Notes
Turn   | Place    | Note
-------+----------+-------------------------------------------
     0 | D:1      | Newt the Kobold Hunter began the quest for the Orb.
     0 | D:1      | Reached XP level 1. HP: 12/12 MP: 1/1
   217 | D:1      | Reached XP level 2. HP: 18/18 MP: 2/2
   339 | D:1      | Found a faded altar of an unknown god.
   585 | D:2      | Noticed Jessica
   588 | D:2      | Killed Jessica
   589 | D:2      | Reached XP level 3. HP: 24/24 MP: 3/3
   622 | D:2      | Reached XP level 4. HP: 26/30 MP: 4/4
   914 | D:2      | Noticed Terence
   918 | D:2      | Slain by Terence

Illustrated notes

Levels and vault maps discovered:
D:1:      psy_arrival_statuary, layout_rooms, ebering_ecumenical_altar_mist,
          minmay_tripent
D:2:      layout_loops_ring, uniq_terence, uniq_jessica

Skill      XL: |  1  2 |
---------------+-------+-----
Fighting       | 4 |  4.9
Ranged Weapons | |  5.3
Dodging        | |  2.4
Stealth        | |  1.3

Action                     |  1- 3 |  4- 6 || total
---------------------------+-------+-------++-------
   Fire: Shortbow          |    37 |    27 ||    64
    Use: Scroll            |     5 |     1 ||     6
 Armour: Leather armour    |     5 |     2 ||     7
  Dodge: Dodged            |    12 |     5 ||    17

Table legend: (Time is in decaauts)
 A = Elapsed time spent in this place.
 B = Non-inter-level travel time spent in this place.
 C = Inter-level travel time spent in this place.
 D = Time resting spent in this place.
 E = Time spent auto-exploring this place.
 F = Levels seen in this place.
 G = Mean time per level.
                   A        B        C        D        E       F      G
               +--------+--------+--------+--------+--------+-----+--------+
         Total |    936 |    902 |     34 |      0 |    756 |   2 |  468.0 |
       Dungeon |    936 |    902 |     34 |      0 |    756 |   2 |  468.0 |
               +--------+--------+--------+--------+--------+-----+--------+

Top non-repeatable levels by time:
     D:1: 580 daAuts
     D:2: 356 daAuts
